 Dungeon Crawl Stone Soup version 0.30-a0-779-g7971cf19c3 (webtiles) character file.

Game seed: 11344527385468330411

32 Goldberg the Trooper (level 3, -3/29 HPs)
             Began as a Human Monk on Feb 17, 2023.
             Killed from afar by Terence (10 damage)
             ... with a puff of flame
             ... on level 2 of the Dungeon.
             The game lasted 00:03:26 (978 turns).

Goldberg the Trooper (Human Monk)                    Turns: 978, Time: 00:03:27

Health: -3/29      AC:  2    Str: 11    XL:     3   Next: 45%
Magic:  3/3        EV: 13    Int: 10    God:
Gold:   30         SH:  0    Dex: 17    Spells: 2/2 levels left

rFire   . . .      SeeInvis .    a - +0 falchion
rCold   . . .      Faith    .    (no shield)
rNeg    . . .      Spirit   .    b - +0 robe
rPois   .          Reflect  .    (no helmet)
rElec   .          Harm     .    (no cloak)
rCorr   .          Rampage  .    (no gloves)
Will    .....                    (no boots)
Stlth   +                        (no amulet)
HPRegen 0.24/turn                (no ring)
MPRegen 0.08/turn                (no ring)

@: confused, ambrosia-drunk
A: no striking features
a: no special abilities


You were on level 2 of the Dungeon.
You visited 1 branch of the dungeon, and saw 2 of its levels.

You collected 30 gold pieces.

Inventory:

Hand Weapons
 a - a +0 falchion (weapon)
 g - a +1 dagger of draining
Armour
 b - a +0 robe (worn)
 d - a +0 leather armour
Scrolls
 f - a scroll of blinking
 h - a scroll of magic mapping


   Skills:
 + Level 3.6 Fighting
 + Level 3.3 Long Blades
 + Level 3.3 Dodging
 + Level 2.1 Stealth


You had 2 spell levels left.
You didn't know any spells.
Your spell library was empty.

Dungeon Overview and Level Annotations

Branches:
Dungeon (2/15)

Altars:

Shops:
D:2 *

Annotations:
D:2 Terence


Message History

You see here 9 stones.
You now have 30 gold pieces (gained 9).
Things that are here:
a +0 short sword; a stone You see here a +0 club.
Done exploring.
There is a stone staircase leading down here.
You climb downwards.
There is a stone staircase leading up here.
The giant cockroach bites you but does no damage.
You hit the giant cockroach.
The giant cockroach is almost dead.
The giant cockroach barely misses you. The giant cockroach bites you.
You barely miss the giant cockroach.
The giant cockroach is almost dead.
The giant cockroach bites you.
You hit the giant cockroach.
You kill the giant cockroach!
You see here a giant cockroach corpse.
Found 7 stones.
You see here 7 stones.
Terence and an endoplasm come into view.
Terence is wielding a +0 falchion and carrying a wand of flame (20).
Found Ytottapi's General Store.
Found an escape hatch in the ceiling.
Terence shouts!
Terence shouts, "Get ready for death!"
The endoplasm quivers.
You hit Terence but do no damage. Terence barely misses you.
You hit Terence but do no damage.
Terence zaps a wand.
The puff of flame hits you.
You hit Terence but do no damage. Terence closely misses you.
You hit Terence but do no damage.
Terence zaps a wand.
The puff of flame hits you! The endoplasm misses you.
Terence attacks as you move away! Terence barely misses you.
Terence says, "Rest in peace."
Terence zaps a wand.
The puff of flame hits you!
* * * LOW HITPOINT WARNING * * *
You are confused.
You feel invigorated.
Terence zaps a wand.
The puff of flame hits you!
You die...

#.# #.#
#.# #.#
#.# #(#
#.# #.##
###
#@.##.....
#.J@.∩...#
#.....####
#.##..#
#.# ....
..# ......
#### .....
..<.. ....


You could see Terence and an endoplasm.

Vanquished Creatures
  A dart slug (D:1)
  3 ball pythons (D:1)
  2 endoplasms (D:1)
  2 giant cockroaches
  3 goblins (D:1)
  3 hobgoblins (D:1)
  3 jackals (D:1)
  A quokka (D:1)
  3 bats (D:1)
  2 frilled lizards (D:1)
  3 kobolds (D:1)
  2 rats (D:1)
28 creatures vanquished.

Notes
Turn   | Place    | Note
-------+----------+-------------------------------------------
     0 | D:1      | Goldberg the Human Monk began the quest for the Orb.
     0 | D:1      | Reached XP level 1. HP: 18/18 MP: 1/1
   146 | D:1      | Reached XP level 2. HP: 24/24 MP: 2/2
   551 | D:1      | Reached XP level 3. HP: 29/29 MP: 3/3
   969 | D:2      | Noticed Terence
   970 | D:2      | Found Ytottapi's General Store.
   977 | D:2      | HP: 1/29 [Terence/puff of flame (13)]
   978 | D:2      | Killed from afar by Terence

Illustrated notes

Levels and vault maps discovered:
D:1:      wander_arrival_abandoned_jail, layout_loops_ring,
          hangedman_abyss_or_decor_lesser_grid
D:2:      layout_basic, serial_shops, nicolae_square_shop, uniq_terence

Action                     || total
---------------------------++-------
  Melee: Falchion          ||    76
    Use: Scroll            ||     2
         Potion            ||     2
   Stab: Sleeping          ||     4
 Armour: Robe              ||    10
  Dodge: Dodged            ||    63

Table legend: (Time is in decaauts)
 A = Elapsed time spent in this place.
 B = Non-inter-level travel time spent in this place.
 C = Inter-level travel time spent in this place.
 D = Time resting spent in this place.
 E = Time spent auto-exploring this place.
 F = Levels seen in this place.
 G = Mean time per level.
                   A        B        C        D        E       F      G
               +--------+--------+--------+--------+--------+-----+--------+
         Total |    988 |    975 |     13 |      0 |    696 |   2 |  494.0 |
       Dungeon |    988 |    975 |     13 |      0 |    696 |   2 |  494.0 |
               +--------+--------+--------+--------+--------+-----+--------+

Top non-repeatable levels by time:
     D:1: 961 daAuts
     D:2: 27 daAuts
